 Dungeon Crawl Stone Soup version 0.30-a0-465-g8901f6c8b5 (webtiles) character file.

Game seed: 11553450414302929203

89856 Majang the Severer (level 16, -6/125 HPs)
             Began as a Formicid Fighter on Dec 16, 2022.
             Was the Champion of Cheibriados.
             Killed from afar by Jorgrun (22 damage)
             ... with an iron shot
             ... while petrified by Jorgrun
             ... on level 12 of the Dungeon on Dec 18, 2022.
             The game lasted 01:44:47 (19752 turns).

Majang the Severer (Formicid Fighter)              Turns: 19752, Time: 01:44:48

Health: -6/125     AC: 22    Str: 42    XL:     16   Next: 45%
Magic:  23/23      EV: -1    Int: 25    God:    Cheibriados [******]
Gold:   273        SH:  0    Dex: 28    Spells: 15/15 levels left

rFire   + . .      SeeInvis +    a - +7 executioner's axe (freeze)
rCold   . . .      Faith    .    U - +0 tower shield
rNeg    + + +      Spirit   .    E - +2 chain mail {rF+}
rPois   ∞          Reflect  +    (helmet unavailable)
rElec   .          Harm     .    f - +1 cloak {rCorr}
rCorr   +          Rampage  .    I - +1 pair of gloves
Will    +....                    (no boots)
Stlth   ..........               M - amulet of reflection
HPRegen 0.40/turn                k - +4 ring of protection
MPRegen 0.18/turn                o - +4 ring of slaying

@: petrified, grasped by roots, constricted, studying Maces & Flails, very slow
A: permanent stasis, dig shafts and tunnels, antennae 3, four strong arms
a: Dig, Shaft Self, Renounce Religion, Bend Time, Temporal Distortion, Slouch,
Step From Time


You were on level 12 of the Dungeon.
You worshipped Cheibriados.
Cheibriados was exalted by your worship.
You visited 4 branches of the dungeon, and saw 20 of its levels.
You visited the Abyss 1 time.
You also visited: Ossuary and Volcano.

You collected 1933 gold pieces.
You spent 1660 gold pieces at shops.

Inventory:

Hand Weapons
 a - a +7 executioner's axe of freezing (weapon)
 b - a +2 battleaxe of flaming
 e - the +7 spear of Noliq {vorpal, rElec rPois rF+++}
   (You found it on level 2 of the Lair of Beasts)

   It inflicts extra damage upon your enemies.
   rF:        It renders you almost immune to fire.
   rElec:     It insulates you from electricity.
   rPois:     It protects you from poison.
Missiles
 j - 13 javelins
 n - a throwing net
 w - 7 boomerangs
 x - 11 silver boomerangs (quivered)
Armour
 c - a +1 buckler
 f - a +1 cloak of preservation (worn)
 u - a +2 leather armour of cold resistance
 E - a +2 chain mail of fire resistance (worn)
 I - a +1 pair of gloves (worn)
 R - a +0 plate armour of cold resistance
 U - a +0 tower shield (worn)
Jewellery
 k - a +4 ring of protection (left hand)
 o - a +4 ring of slaying (right hand)
 B - a ring of willpower
 C - a ring of protection from fire
 H - a ring of ice
 M - an amulet of reflection (around neck)
 O - a ring of flight
Wands
 m - a wand of mindburst (7)
 q - a wand of iceblast (10)
 y - a wand of paralysis (6)
 G - a wand of flame (12)
 J - a wand of polymorph (3)
 K - a wand of digging (3)
 P - a wand of light (4)
Scrolls
 d - 4 scrolls of poison
 l - a scroll of fear
 F - 4 scrolls of immolation
 Q - 2 scrolls of silence
 S - a scroll of summoning
Potions
 g - 2 potions of lignification
 h - 15 potions of curing
 p - a potion of attraction
 r - a potion of cancellation
 s - 5 potions of might
 t - 2 potions of magic
 v - 5 potions of flight
 z - 4 potions of mutation
 A - 3 potions of invisibility
 D - 2 potions of resistance
 L - 2 potions of ambrosia
 T - a potion of heal wounds
Miscellaneous
 i - a lightning rod (4/4)
 N - a condenser vane


   Skills:
 + Level 11.0 Fighting
 * Level 15.1 Axes
 + Level 8.8 Throwing
 + Level 10.5 Armour
 + Level 8.1 Dodging
 + Level 12.2 Shields
 + Level 9.9 Invocations
 + Level 9.7 Evocations


You had 15 spell levels left.
You didn't know any spells.
Your spell library contained the following spells:

 Spells                   Type           Power      Damage    Failure   Level
 Beastly Appendage        Tmut           0%         N/A       77%         1
 Freeze                   Ice            0%         1d3       77%         1
 Magic Dart               Conj           0%         1d3       77%         1
 Slow                     Hex            0%         N/A       77%         1
 Searing Ray              Conj           0%         2d4       88%         2
 Wereblood                Tmut           0%         N/A       88%         2
 Confusing Touch          Hex            0%         N/A       98%         3
 Frozen Ramparts          Ice            0%         1d1       98%         3
 Gell's Gravitas          Tloc           0%         N/A       98%         3
 Hailstorm                Conj/Ice       0%         3d3       98%         3
 Inner Flame              Hex/Fire       0%         N/A       98%         3
 Ozocubu's Armour         Ice            0%         N/A       98%         3
 Spider Form              Tmut/Pois      0%         N/A       98%         3
 Teleport Other           Tloc           0%         N/A       98%         3
 Vampiric Draining        Necr           0%         2d6       98%         3
 Flame Wave               Conj/Fire      0%         2d4       100%        4
 Fulminant Prism          Conj/Hex       0%         3d5       100%        4
 Manifold Assault         Tloc           0%         N/A       100%        4
 Sticky Flame             Conj/Fire      0%         2d3       100%        4
 Fireball                 Conj/Fire      0%         3d3       100%        5
 Freezing Cloud           Conj/Ice/Air   0%         6-21      100%        5
 Iskenderun's Battlesphe  Conj           0%         2d6       100%        5
 Metabolic Englaciation   Hex/Ice        0%         N/A       100%        5
 Silence                  Hex/Air        0%         N/A       100%        5
 Conjure Ball Lightning   Conj/Air       0%         3x3d6     100%        6
 Dispersal                Tloc           0%         N/A       100%        6
 Simulacrum               Ice/Necr       0%         N/A       100%        6
 Orb of Destruction       Conj           0%         9d5       100%        7
 Storm Form               Tmut/Air       0%         N/A       100%        7
 Blink                    Tloc           Unusable   N/A       N/A         2

Dungeon Overview and Level Annotations

Branches:
Dungeon (12/15)            Temple (1/1) D:7            Lair (5/5) D:9
 Shoals (0/4) Lair:2        Snake (0/4) Lair:3        Slime (0/5) Lair:5
    Orc (2/2) D:11            Elf (0/3) Orc:2       Ossuary (visited)
Volcano (visited)

Altars:
Ashenzari
Cheibriados
Dithmenos
Elyvilon
Fedhas
Gozag
Hepliaklqana
Kikubaaqudgha
Makhleb
Nemelex Xobeh
Okawaru
Qazlal
Ru
Sif Muna
Trog
Uskayaw
Vehumet
Wu Jian
Xom
Yredelemnul
Zin
The Shining One
Jiyva
Lugonu

Shops:
D:5 (   D:7 (   D:10 *   Orc:1 (   Orc:2 (*(?

Portals:
Abyss: Lair:5

Annotations:
D:10 1 runed translucent door, fedoskokos's ghost, journeyman OgBe
D:12 Jorgrun


Innate Abilities, Weirdness & Mutations

You cannot be hasted, slowed, berserked, paralysed or teleported.
You can dig through walls and to a lower floor.
You have a pair of large antennae on your head. (SInv)
Your four strong arms can wield two-handed weapons with a shield.


Message History

You block Jorgrun's attack. The grasping roots constrict you.
You slash Jorgrun! You freeze Jorgrun.
Jorgrun is severely wounded.
You block Jorgrun's attack. The grasping roots constrict you.
You slice Jorgrun!! You freeze Jorgrun!
Jorgrun is almost dead.
Jorgrun closely misses you. The grasping roots constrict you.
You barely miss Jorgrun.
Jorgrun is almost dead.
Jorgrun casts a spell at you. The iron shot hits you!!
The grasping roots constrict you. Jorgrun casts a spell at you.
You are slowing down.
The grasping roots constrict you!
* * * LOW HITPOINT WARNING * * *
You barely miss Jorgrun.
Jorgrun is almost dead.
You block Jorgrun's attack. The grasping roots constrict you.
You have turned to stone.
Jorgrun hits you but does no damage. The grasping roots constrict you.
* * * LOW HITPOINT WARNING * * *
Jorgrun hits you with a staff of earth.
* * * LOW HITPOINT WARNING * * *
Jorgrun shatters you.
* * * LOW HITPOINT WARNING * * *
The grasping roots constrict you!
* * * LOW HITPOINT WARNING * * *
Jorgrun hits you but does no damage. Jorgrun shatters you.
* * * LOW HITPOINT WARNING * * *
The grasping roots constrict you!
* * * LOW HITPOINT WARNING * * *
Jorgrun points at you and mumbles some strange words.
You resist with some effort. The grasping roots constrict you.
* * * LOW HITPOINT WARNING * * *
Jorgrun hits you but does no damage. The grasping roots constrict you!
* * * LOW HITPOINT WARNING * * *
Jorgrun says, "'tis place shall be yer tomb!"
Jorgrun casts a spell at you. The iron shot hits you!!!
You die...

####..................[.....#....
#...............######...#....
#..#######......# #...#....
#..#.....#......# #...#....
####.[#.....#......# #..>#....
......#.....#......######...###+#
......##'####....................
.....................######...<..
#'###...........@....# #......
....#...........g....# #†.....
....#.....######'##..# #.#####
....#.....# ...#..######.#....
....#.....# ....#.........#....
....#.....# .....#.........#....
#####.....# ......#.........'....
..........#.......#.........#....
###.......##......#..#####..#....


You could see Jorgrun.

Vanquished Creatures
  A stone giant (Volcano)
  Snorg (Lair:4)
  Fannar (D:10)
  Josephine (D:10)
  Erolcha (D:9)
  2 hydras
  A catoblepas (Lair:3)
  2 ogre magi (Orc:2)
  15 two-headed ogres
  2 boulder beetles
  3 thrashing horrors (Lair:5)
  Nergalle (Lair:2)
  2 deep trolls (Orc:2)
  The ghost of Odexios the Summoner, a novice OpSu of Gozag (D:11)
  A lindwurm (Lair:5)
  A large abomination (Lair:5)
  2 orc knights
  Pikel (D:7)
  2 ugly things (Lair:5)
  6 cyclopes
  An oklob plant (Lair:4)
  8 elephants
  3 black mambas
  A torpor snail (Lair:5)
  A gargoyle (D:11)
  6 cane toads
  A smoke demon (Lair:5)
  A rime drake (Lair:3)
  An unseen horror (D:11)
  A kobold demonologist (D:12)
  An efreet (Volcano)
  A freezing wraith (D:11)
  An ancient zyme (Lair:5)
  15 trolls
  10 komodo dragons
  A queen bee (D:11)
  A polar bear (Lair:4)
  2 hornets
  6 dream sheep (Lair:5)
  4 slime creatures (D:12)
  A blink frog (shapeshifter) (Lair:5)
  Prince Ribbit (D:7)
  24 blink frogs
  2 ynoxinuls (Lair:5)
  A wyvern (Lair:1)
  Eustachio (D:5)
  7 wraiths
  57 yaks
  A fire elemental (Volcano)
  10 basilisks
  3 chaos spawn (Lair:5)
  A steam dragon (Lair:2)
  2 acid dragons
  7 wargs
  13 small abominations (Lair:5)
  4 nagas (Lair:3)
  12 water moccasins
  13 orc warriors
  3 ice beasts
  2 sky beasts
  16 ogres (Orc:2)
  3 black bears
  20 wolves
  9 centaurs
  2 phantoms
  4 lemures (D:7)
  16 bullfrogs
  2 kobold brigands
  3 elf zombies (Ossuary)
  2 necrophages (D:7)
  2 gnoll sergeants
  2 scorpions
  3 earth elementals (Volcano)
  12 wights
  26 killer bees
  An electric eel (Lair:4)
  3 howler monkeys (D:8)
  3 hounds
  3 human zombies (Ossuary)
  12 orc priests
  3 gnoll boudas
  11 orc wizards
  3 iguanas
  2 mummies (Ossuary)
  18 gnolls
  7 adders
  An ufetubus (D:6)
  A worm (D:2)
  3 dart slugs
  53 orcs
  4 ball pythons
  7 bats
  5 endoplasms
  5 giant cockroaches
  5 goblins
  3 hobgoblins
  4 jackals
  14 kobolds
  3 quokkas
  3 training dummies (Orc:1)
  4 frilled lizards
  2 goblin zombies
  9 hobgoblin zombies (Ossuary)
  3 jackal zombies (Ossuary)
  10 kobold zombies (Ossuary)
  8 orc zombies (Ossuary)
  5 rats
  A rat zombie (D:4)
619 creatures vanquished.

Vanquished Creatures (others)
  2 kobolds (D:10)
  A bush (Lair:5)
  22 fungi
  27 plants
52 creatures vanquished.

Grand Total: 671 creatures vanquished

Notes
Turn   | Place    | Note
-------+----------+-------------------------------------------
     0 | D:1      | Majang the Formicid Fighter began the quest for the Orb.
     0 | D:1      | Reached XP level 1. HP: 18/18 MP: 1/1
    61 | D:1      | Reached XP level 2. HP: 21/24 MP: 2/2
   158 | D:1      | Reached XP level 3. HP: 28/30 MP: 3/3
   247 | D:1      | Reached skill level 3 in Axes
   779 | D:2      | Reached XP level 4. HP: 35/37 MP: 4/4
   997 | D:2      | You fall into a shaft and drop 2 floors!
  1066 | D:4      | Found a sand-covered staircase.
  1085 | Ossuary  | Entered an ossuary
  1206 | Ossuary  | Reached skill level 4 in Axes
  1206 | Ossuary  | Reached XP level 5. HP: 16/43 MP: 5/5
  1580 | Ossuary  | Reached XP level 6. HP: 49/49 MP: 6/6
  1593 | Ossuary  | Reached skill level 5 in Fighting
  1593 | Ossuary  | Reached skill level 5 in Axes
  1618 | Ossuary  | Reached XP level 7. HP: 35/56 MP: 7/7
  1797 | D:2      | Found a faded altar of an unknown god.
  2216 | D:3      | Reached skill level 1 in Throwing
  2451 | D:3      | Reached skill level 1 in Dodging
  2521 | D:3      | Identified the +5 dagger "Odamp" {vorpal, *Noise rPois
                  | rN+++ Str+8}
  2754 | D:3      | Found a shimmering altar of Xom.
  2765 | D:3      | Found an opulent altar of Gozag.
  3170 | D:4      | Found a sacrificial altar of Ru.
  3534 | D:5      | Entered Level 5 of the Dungeon
  3696 | D:5      | Reached skill level 1 in Evocations
  3800 | D:5      | Reached skill level 6 in Axes
  3800 | D:5      | Reached XP level 8. HP: 42/63 MP: 8/8
  4055 | D:5      | Reached skill level 5 in Shields
  4067 | D:5      | Noticed Eustachio
  4075 | D:5      | Killed Eustachio
  4103 | D:5      | Found Gutzeus's Weapon Emporium.
  4183 | D:5      | Found a broken altar of Ashenzari.
  4927 | D:6      | Reached XP level 9. HP: 69/69 MP: 9/9
  5221 | D:7      | Reached skill level 7 in Axes
  5338 | D:7      | Reached skill level 5 in Armour
  5483 | D:7      | Found a staircase to the Ecumenical Temple.
  5491 | Temple   | Entered the Ecumenical Temple
  5562 | Temple   | Became a worshipper of Cheibriados the Contemplative
  5861 | D:7      | Reached skill level 1 in Invocations
  6013 | D:6      | Reached XP level 10. HP: 77/77 MP: 11/11
  6056 | D:6      | Reached * piety under Cheibriados
  6125 | D:6      | Reached skill level 8 in Axes
  6151 | D:6      | Found a hazy altar of Hepliaklqana.
  6313 | D:7      | Noticed Prince Ribbit
  6323 | D:7      | Killed Prince Ribbit
  6368 | D:7      | Noticed Pikel
  6379 | D:7      | Killed Pikel
  6439 | D:7      | Found Coikk's Weapon Boutique.
  6449 | D:7      | Bought a +0 battleaxe for 65 gold pieces
  6881 | D:8      | Reached ** piety under Cheibriados
  7137 | D:8      | Found a hide-covered altar of Uskayaw.
  7137 | D:8      | Found a burning altar of Makhleb.
  7137 | D:8      | Found a shimmering blue altar of Sif Muna.
  7137 | D:8      | Found a shadowy altar of Dithmenos.
  7143 | D:8      | Found an ancient bone altar of Kikubaaqudgha.
  7143 | D:8      | Found a glowing silver altar of Zin.
  7387 | D:9      | Noticed Erolcha
  7398 | Abyss:1  | Cast into level 1 of the Abyss (Erolcha)
  7433 | D:9      | Escaped the Abyss
  7443 | D:9      | Killed Erolcha
  7444 | D:9      | Reached skill level 9 in Axes
  7444 | D:9      | Reached skill level 5 in Evocations
  7444 | D:9      | Reached XP level 11. HP: 59/84 MP: 12/14
  7816 | D:9      | Reached skill level 5 in Throwing
  7999 | D:9      | Found a staircase to the Lair.
  8447 | D:9      | Upgraded the game from 0.30-a0-462-gd5975efbca to
                  | 0.30-a0-463-g4188047c90
  8454 | D:10     | Entered Level 10 of the Dungeon
  8473 | D:10     | Noticed a two-headed ogre
  8480 | D:10     | Killed a two-headed ogre
  8626 | D:10     | Noticed a two-headed ogre
  8630 | D:10     | Killed a two-headed ogre
  8631 | D:10     | Found Ulye's Elemental Accessories.
  8637 | D:10     | Bought a wand of iceblast (3) for 108 gold pieces
  8637 | D:10     | Bought a wand of flame (10) for 105 gold pieces
  8685 | D:10     | Noticed Fannar
  8696 | D:10     | Reached *** piety under Cheibriados
  8812 | D:10     | Found a glowing golden altar of the Shining One.
  8835 | D:10     | Killed Fannar
  8836 | D:10     | Reached skill level 5 in Dodging
  8836 | D:10     | Reached skill level 5 in Invocations
  9019 | D:10     | Noticed Josephine
  9036 | D:10     | Killed Josephine
  9043 | D:10     | Identified a scroll of acquirement
  9044 | D:10     | Acquired a +3 executioner's axe of freezing
  9264 | D:10     | Reached skill level 10 in Axes
  9264 | D:10     | Reached XP level 12. HP: 92/92 MP: 16/16
  9279 | D:10     | Noticed a two-headed ogre
  9283 | D:10     | Killed a two-headed ogre
  9372 | D:10     | Found a runed translucent door.
  9376 | D:10     | Noticed fedoskokos's ghost (journeyman OgBe)
  9561 | D:11     | Found a runed translucent gate.
  9562 | D:11     | Found a runed translucent gate.
  9562 | D:11     | Found a runed translucent gate.
  9564 | D:11     | Noticed Odexios's ghost (novice OpSu)
  9719 | D:11     | Reached **** piety under Cheibriados
 10521 | D:11     | Found a staircase to the Orcish Mines.
 10544 | D:11     | Reached ***** piety under Cheibriados
 10867 | D:11     | Killed Odexios's ghost
 10945 | Lair:1   | Entered Level 1 of the Lair of Beasts
 11215 | Lair:1   | Reached skill level 11 in Axes
 11219 | Lair:1   | Reached XP level 13. HP: 76/100 MP: 16/18
 11883 | Lair:2   | Reached skill level 10 in Shields
 12004 | Lair:2   | Identified the +7 spear of Noliq {vorpal, rElec rPois
                  | rF+++}
 12210 | Lair:2   | Noticed Nergalle
 12219 | Lair:2   | Killed Nergalle
 12457 | Lair:2   | Reached ****** piety under Cheibriados
 12593 | Lair:2   | Found a hide-covered altar of Uskayaw.
 12593 | Lair:2   | Found an ornate altar of the Wu Jian Council.
 12690 | Lair:2   | Identified the +7 arbalest of Sunlight {flame, Fly}
 12792 | Lair:2   | Found a staircase to the Shoals.
 12796 | Lair:2   | Reached skill level 13 in Axes
 12796 | Lair:2   | Reached XP level 14. HP: 108/108 MP: 19/19
 13518 | Lair:3   | Found a staircase to the Snake Pit.
 14192 | Lair:4   | Noticed Snorg
 14203 | Lair:4   | Killed Snorg
 14204 | Lair:4   | Reached XP level 15. HP: 108/115 MP: 21/21
 14366 | Lair:4   | Reached skill level 10 in Fighting
 14386 | Lair:4   | Found a dark tunnel.
 14396 | Volcano  | Entered a volcano
 14459 | Volcano  | Reached skill level 14 in Axes
 14556 | Volcano  | Noticed a stone giant
 14563 | Volcano  | Killed a stone giant
 15607 | Lair:5   | Entered Level 5 of the Lair of Beasts
 15607 | Lair:5   | Found a viscous altar of Jiyva.
 15607 | Lair:5   | Found a staircase to the Slime Pits.
 17116 | Lair:5   | Reached skill level 10 in Armour
 17183 | Lair:5   | Found a corrupted altar of Lugonu.
 17183 | Lair:5   | Found a one-way gate to the infinite horrors of the Abyss.
 17190 | Lair:5   | Got Fotakam's Compendium of Ozone
 17471 | Orc:1    | Entered Level 1 of the Orcish Mines
 17717 | Orc:1    | Found Dowaut's Firing Range.
 17725 | Orc:1    | Bought 2 javelins for 27 gold pieces
 17794 | Orc:2    | Entered Level 2 of the Orcish Mines
 17817 | Orc:2    | Found Dyrreaho's Antique Weapon Shop.
 17903 | Orc:2    | Reached XP level 16. HP: 124/124 MP: 23/23
 18282 | Orc:2    | Found Yxzo Ise's Weapon Emporium.
 18287 | Orc:2    | Found Tuubboq's Magic Scroll Emporium.
 18288 | Orc:2    | Found Himy's Assorted Antiques.
 18297 | Orc:2    | Bought 3 boomerangs for 25 gold pieces
 18329 | Orc:2    | Bought 2 scrolls of enchant weapon for 210 gold pieces
 18329 | Orc:2    | Bought 2 scrolls of enchant armour for 210 gold pieces
 18500 | Orc:2    | Found a staircase to the Elven Halls.
 18550 | Orc:2    | Upgraded the game from 0.30-a0-463-g4188047c90 to
                  | 0.30-a0-465-g8901f6c8b5
 18666 | Orc:1    | Reached skill level 15 in Axes
 19174 | Orc:2    | Bought a shiny plate armour for 910 gold pieces
 19570 | D:12     | Found an opulent altar of Gozag.
 19733 | D:12     | Noticed Jorgrun
 19752 | D:12     | Killed from afar by Jorgrun

Illustrated notes

Levels and vault maps discovered:
D:1:      dpeg_arrival_water_temple_mockup, layout_rooms, chequers_mini_garden,
          minmay_misc_feat_secret_circle
D:2:      layout_basic, chequers_ecumenical_altar_simple_redux
D:3:      layout_loops_corners, mainiacjoe_overflow_large_starburst,
          minmay_pentangle
D:4:      layout_loops_ring, nicolae_ru_sacrificial_ziggurat, enter_ossuary_4
D:5:      layout_basic, old_standard_altar, serial_shops, shop_statue,
          uniq_eustachio
D:6:      layout_basic, mainiacjoe_overflow_catwalk
D:7:      layout_basic, minmay_temple_entry_glassed_door, serial_shops,
          nicolae_shop_hallway_plus, st_stairs_1, uniq_prince_ribbit1,
          uniq_pikel
D:8:      hellmonk_ruined_rings, layout_basic, minmay_overflow_temple_hex,
          david_defended_altar_orc
D:9:      layout_long_grid, erik_lair_orcish_takeover, uniq_erolcha
D:10:     layout_rooms, mainiacjoe_overflow_concentric_impassable,
          ebering_ghost_inner_flame, minmay_statues_item,
          nicolae_elemental_shop, uniq_josephine, uniq_fannar
D:11:     layout_roguey [special_room_bee], david_orc_2,
          gammafunk_ghost_spectres
D:12:     layout_irregular_city, grunt_gozag_breadcrumbs, uniq_jorgrun
Temple:   nicolae_temple_two_arcs
Lair:1:   layout_long_grid, special_room, serial_bayou_pond_d
Lair:2:   layout_small_grid, elwin_shoals_entry_rocks,
          nzn_masters_of_martial_movement, uniq_nergalle
Lair:3:   layout_big_grid, minmay_snake_entry_guardpost_large
Lair:4:   layout_layer_cave, nicolae_volcano_entry_s_turn,
          infiniplex_staircase_pool, lemuel_fruit_tree, uniq_snorg
Lair:5:   hellmonk_lair_end_abyssal_woods, layout_layer_cave, slime_entry_1,
          grunt_megastairs_4
Orc:1:    layout_caves, basic_altar, nicolae_shop_firing_range
Orc:2:    st_orc_open, layout_caves

Skill      XL: |  1  2  3  4  5  6  7  8  9 10 11 12 13 14 15 16 |
---------------+-------------------------------------------------+-----
Axes           | 3 4 5 6 7 9 10 11 13 14 15 | 15.1
Fighting       | 4 5 6 7 8 9 10 11 | 11.0
Throwing       | 1 2 3 4 5 6 7 8 |  8.8
Dodging        | 1 2 3 4 5 6 7 8 |  8.1
Evocations     | 1 2 3 5 6 7 8 9 |  9.7
Armour         | 4 5 6 7 8 9 10 | 10.5
Shields        | 5 6 7 8 9 10 11 12 | 12.2
Invocations    | 1 4 5 6 7 8 9 |  9.9

Action                   |  1- 3 |  4- 6 |  7- 9 | 10-12 | 13-15 | 16-18 || total
-------------------------+-------+-------+-------+-------+-------+-------++-------
Melee: War axe           |    71 |   130 |   289 |   161 |     5 |       ||   656
       Battleaxe         |       |       |       |   241 |     7 |       ||   248
       Executioner's axe |       |       |       |    86 |   453 |   141 ||   680
Throw: Javelin           |       |       |     6 |       |       |       ||     6
       Boomerang         |       |       |       |    13 |     6 |     2 ||    21
Invok: Step From Time    |       |       |       |       |     1 |       ||     1
 Abil: Dig               |     1 |       |     2 |     4 |     3 |     2 ||    12
Evoke: Wand              |       |       |     5 |    14 |     4 |       ||    23
  Use: Scroll            |       |     4 |    17 |     9 |     4 |     5 ||    39
       Potion            |       |     1 |       |     3 |     2 |       ||     6
 Stab: Distracted        |       |       |       |     2 |       |       ||     2
       Petrified         |       |       |       |       |     2 |       ||     2
       Petrifying        |       |       |       |       |     1 |       ||     1
Armor: Scale mail        |    25 |    42 |    13 |       |       |       ||    80
       Plate armour      |       |       |   164 |   278 |   115 |       ||   557
       Leather armour    |       |       |       |    10 |       |       ||    10
       Chain mail        |       |       |       |       |    68 |    35 ||   103
Dodge: Dodged            |    38 |    35 |    87 |   251 |   227 |    54 ||   692
Block: Buckler           |    15 |    31 |    71 |   214 |   313 |    78 ||   722
       Reflection        |       |       |       |       |     7 |     5 ||    12
       Tower shield      |       |       |       |       |       |    31 ||    31

Table legend: (Time is in decaauts)
 A = Elapsed time spent in this place.
 B = Non-inter-level travel time spent in this place.
 C = Inter-level travel time spent in this place.
 D = Time resting spent in this place.
 E = Time spent auto-exploring this place.
 F = Levels seen in this place.
 G = Mean time per level.
                   A        B        C        D        E       F      G
               +--------+--------+--------+--------+--------+-----+--------+
         Total |  26883 |  24979 |   1904 |   4764 |   8374 |  23 | 1168.8 |
       Dungeon |  12864 |  12216 |    648 |   2204 |   5739 |  12 | 1072.0 |
        Temple |    112 |    112 |      0 |      0 |      0 |   1 |  112.0 |
          Lair |  10015 |   8997 |   1018 |   1739 |   1849 |   5 | 2003.0 |
  Orcish Mines |   2770 |   2533 |    237 |    413 |    777 |   2 | 1385.0 |
         Abyss |     51 |     51 |      0 |      0 |      0 |   1 |   51.0 |
       Ossuary |    646 |    646 |      0 |    324 |      0 |   1 |  646.0 |
       Volcano |    422 |    422 |      0 |     83 |      8 |   1 |  422.0 |
               +--------+--------+--------+--------+--------+-----+--------+

Top non-repeatable levels by time:
  Lair:5: 2548 daAuts
  Lair:4: 2251 daAuts
    D:11: 2003 daAuts
  Lair:2: 1911 daAuts
   Orc:2: 1785 daAuts
  Lair:3: 1772 daAuts
  Lair:1: 1532 daAuts
    D:10: 1287 daAuts
     D:9: 1264 daAuts
     D:8: 1262 daAuts
     D:7: 1197 daAuts
     D:5: 1148 daAuts
   Orc:1: 984 daAuts
     D:3: 910 daAuts
    D:12: 878 daAuts
